[Event "CZE Extraliga 2021-22"]
[Site "Czech Republic"]
[Date "2021.10.17"]
[Round "2.8"]
[White "Kalod, Radek"]
[Black "Riha, Vojtech"]
[Result "0-1"]
[ECO "B31"]
[WhiteElo "2473"]
[BlackElo "2279"]
[Annotator "ChessBase"]
[PlyCount "112"]
[EventDate "2021.10.17"]
[EventCountry "CZE"]
[SourceTitle "playchess.com"]
[Source "ChessBase"]
[SourceQuality "1"]
[TimeControl "40/5400+30:1800+30"]

1. e4 c5 2. Nf3 Nc6 3. Bb5 g6 4. c3 Bg7 5. d4 Qb6 6. Bxc6 dxc6 7. h3 Nf6 8. Qe2 O-O 9. O-O cxd4 10. cxd4 c5 11. d5 e6 12. Nc3 exd5 13. exd5 Bf5 14. Rd1 Rad8 15. Be3 Rfe8 16. Rac1 Bh6 17. Qd2 Bxe3 18. fxe3 c4 19. Nd4 Bd3 20. b3 Qc5 21. bxc4 Bxc4 22. Qc2 Bxd5 23. Qf2 Qe7 24. Rf1 Ne4 25. Nxd5 Rxd5 26. Qf4 Rc5 27. Rxc5 Nxc5 28. Rf3 Ne6 29. Qg4 Nxd4 30. exd4 Rd8 31. Qf4 Kg7 32. h4 Rd5 33. Kf2 b5 34. g4 h6 35. Kg3 b4 36. Re3 Qxh4+ 37. Kxh4 g5+ 38. Qxg5+ hxg5+ 39. Kh5 Rxd4 40. Kxg5 Rd2 41. a3 a5 42. axb4 axb4 43. Rb3 Rd4 44. Kf5 Rc4 45. Rd3 Rc5+ 46. Ke4 Kg6 47. Rd6+ Kg5 48. Rd7 Rc4+ 49. Ke5 Rf4 50. Rd1 f6+ 51. Ke6 b3 52. Rd5+ Kxg4 53. Rb5 Rf3 54. Rb8 f5 55. Ke5 Re3+ 56. Kd4 f4 0-1

[Event "CZE Extraliga 2021-22"]
[Site "Czech Republic"]
[Date "2021.10.17"]
[Round "2.8"]
[White "FMA11 Vesselovsky Serguei IM 2"]
[Black "DPP19 Pachmann Ales FM 2293"]
[Result "1/2-1/2"]
[ECO "B30"]
[WhiteElo "2323"]
[BlackElo "2293"]
[Annotator "NA"]
[PlyCount "21"]
[EventDate "2021.10.17"]
[EventCountry "CZE"]
[SourceTitle "playchess.com"]
[Source "ChessBase"]
[SourceQuality "1"]
[TimeControl "40/5400+30:1800+30"]

1. e4 c5 2. Nf3 Nc6 3. c3 e5 4. d4 cxd4 5. cxd4 exd4 6. Nxd4 Nf6 7. Nc3 Bb4 8. Nxc6 dxc6 9. Qxd8+ Kxd8 10. f3 Be6 11. Be3 1/2-1/2

[Event "CZE Extraliga 2021-22"]
[Site "Czech Republic"]
[Date "2021.10.17"]
[Round "2.8"]
[White "Gnojek, Petr"]
[Black "Simek, Petr"]
[Result "1/2-1/2"]
[ECO "D37"]
[WhiteElo "2271"]
[BlackElo "2298"]
[Annotator "NA"]
[PlyCount "103"]
[EventDate "2021.10.17"]
[EventCountry "CZE"]
[SourceTitle "playchess.com"]
[Source "ChessBase"]
[SourceQuality "1"]
[TimeControl "40/5400+30:1800+30"]

1. d4 Nf6 2. c4 e6 3. Nf3 d5 4. Nc3 a6 5. cxd5 exd5 6. Bg5 Be6 7. e3 Nbd7 8. Rc1 c6 9. Bd3 Bd6 10. O-O O-O 11. Ne2 Qc7 12. Bf4 Ne4 13. Nd2 Nxd2 14. Qxd2 Bg4 15. f3 Bh5 16. Nc3 Nb6 17. Bxd6 Qxd6 18. b3 Bg6 19. Bxg6 hxg6 20. e4 dxe4 21. fxe4 c5 22. d5 Nd7 23. Qe3 Rae8 24. Rce1 Re7 25. Re2 Rfe8 26. Rfe1 Re5 27. Qf3 Nf6 28. Kf1 Qe7 29. a4 Nd7 30. Qd3 Qd6 31. Nb1 Rh5 32. Qg3 Qxg3 33. hxg3 Ne5 34. Kg1 Rg5 35. Re3 Ng4 36. Rd3 Ne5 37. Rc3 Nd7 38. Rce3 Rge5 39. Nd2 f5 40. Nc4 Rxe4 41. Rxe4 fxe4 42. Nd6 Re5 43. Rxe4 Rxe4 44. Nxe4 b6 45. a5 bxa5 46. Kf2 Kf7 47. Ke3 Ke7 48. Kd3 Nb6 49. Nxc5 Nxd5 50. Nxa6 Nb6 51. Nc5 Kf6 52. Ke4 1/2-1/2